[Event "European Women-ch 2023"]
[Site "Petrovac"]
[Date "2023.03.27"]
[Round "9.14"]
[White "Kubicka, Anna"]
[Black "Krasteva, Beloslava"]
[Result "0-1"]
[ECO "B40"]
[WhiteElo "2211"]
[BlackElo "2292"]
[Annotator "TA"]
[PlyCount "129"]
[EventDate "2023.03.15"]
[EventType "swiss"]
[EventCountry "MNE"]
[SourceTitle "playchess.com"]
[Source "ChessBase"]
[SourceQuality "1"]
[TimeControl "40/5400+30:1800+30"]

1. e4 c5 2. Nf3 e6 3. g3 Nc6 4. Bg2 Nf6 5. e5 Ng4 6. O-O {[%emt 0:01:23] B40: Sicilian: 2...e6, Unusual lines.} Ngxe5 7. Nxe5 Nxe5 8. d4 {[%emt 0:01:05] Black is slightly better.} cxd4 9. Qxd4 Nc6 10. Qg4 h5 11. Qe2 h4 12. Nc3 {[%emt 0:03:22] [#]} (12. Rd1 $11) 12... b6 $146 (12... hxg3 $15 13. fxg3 Be7) ({Predecessor:} 12... Be7 13. Bf4 g5 14. Be3 Qa5 15. Rad1 d5 16. Bd2 Qa6 17. Nb5 Qb6 18. Bc3 Rg8 {0-1 Dionysopoulos,Z (1871)-Stamatiou,R (1853) GRE-ch Online Blitz op 1st 2021 (16)}) 13. Bf4 $11 {[%emt 0:04:07][%mdl 1024] White has compensation.} Bb7 14. Nb5 Rc8 {[%emt 0:06:30] Inhibits Nc7+.} 15. Rfd1 Ba6 16. c4 Bc5 17. Nd6+ Bxd6 18. Bxd6 Qf6 19. b3 Nd4 (19... hxg3 $11 20. fxg3 Bb7) 20. Qd3 $1 $16 Nf5 21. Ba3 {[%emt 0:05:19][%csl Gd1][%cal Rd3d7] A strong pair of Bishops.} Rd8 (21... d5 $2 22. Bxd5 exd5 23. Qxd5 $18) 22. Rab1 (22. g4 $14 h3 23. Be4 (23. Bxh3 Nh4 $17)) 22... hxg3 $11 23. hxg3 d5 24. Qf3 (24. Qd2 $11 {remains equal.}) 24... Qh6 $17 {[%emt 0:05:42] And now ...b5 would win.} (24... dxc4 $2 {leads to mate.} 25. Qc6+) 25. Qc3 (25. Qe2 $15) 25... Nd6 $2 ({Black should play} 25... f6 $19 26. Qb4 Qh2+ 27. Kf1 Kf7) 26. Bxd6 $11 Rxd6 27. Qb4 Rd7 28. Qa3 Bc8 {[%emt 0:02:20] ...d4 is the strong threat.} 29. cxd5 (29. Rd4 $1 $11 Qh2+ 30. Kf1) 29... exd5 ({Better is} 29... Bb7 $15 30. Rbc1 a5) 30. Rbc1 (30. Rxd5 $14 Rxd5 31. Re1+ Be6 32. Bxd5) 30... Kd8 $1 31. Rd4 ({Don't play} 31. Kf1 a5 32. f4 d4 $17) (31. b4 $11) 31... Qd6 (31... Qh2+ $1 $17 32. Kf1 a5 33. Rxc8+ Kxc8) 32. Qb2 ({Much weaker is} 32. Qxd6 Rxd6 33. Rxd5 Rxd5 34. Bxd5 f6 $11) 32... Bb7 33. Rg4 f6 34. Qd4 Qe5 35. Qa4 a5 36. Rh4 (36. b4 $5 ) 36... Re8 37. Qb5 Qd6 38. Rd4 Re5 39. Rcd1 Qc6 40. Qd3 Qe6 41. Qb5 {[%emt 0:09:52] [#]} (41. Qb1 $11) 41... Re1+ $1 $17 {[%emt 0:08:04] Black converts the advantage convincingly.} 42. Rxe1 Qxe1+ 43. Kh2 (43. Bf1 $17 {is a better defense.}) 43... Kc7 $19 (43... Qxf2 $2 44. Qxb6+ Kc8 45. Rc4+ dxc4 46. Qxf2 $18) 44. Rf4 (44. Qf1 {was the only defense.} Qxf1 45. Bxf1) 44... Qc3 (44... Rd8 $142 {White must now prevent ...Rh8+.} 45. Qa4 Rh8+ 46. Rh4 Rxh4+ 47. gxh4 Qxf2) 45. Rh4 (45. Qe2 {was worth a try.} g5 46. Rf3 Rh7+ 47. Kg1 Qc1+ 48. Qf1 Qxf1+ {[%mdl 64] Remove Defender} 49. Kxf1) 45... Qc5 46. Qe2 {[%emt 0:00:55] [#]} d4 $1 {[%emt 0:01:48][%cal Bd5d4,Bd4d3][%mdl 32] Threatens to win with ...g5.} 47. Bxb7 (47. Qd3 $142) 47... Kxb7 {[%emt 0:01:23][%mdl 4096] Endgame KQR-KQR} 48. Rh8 $2 (48. Qd3 {is tougher.}) 48... d3 49. Qf3+ (49. Qe8 $142 Qxf2+ 50. Kh1 Qf1+ 51. Kh2 Qe2+ 52. Qxe2 {[%mdl 64] Remove Defender} dxe2 53. Re8) 49... Qd5 {[%emt 0:01:18] Active counter play!} 50. Qf4 Rd8 (50... d2 $142 51. Qb8+ Ka6 52. Qc8+ Qb7 53. Qxb7+ {[%mdl 64] Remove Defender} Kxb7 54. Kg2 d1=Q 55. b4 Qd5+ 56. f3 Qe6 57. Rd8 Qe2+ 58. Kh3 Rxd8 59. Kg4 Qe6+ 60. Kh5 Qf5+ 61. Kh4 Rh8#) 51. Rxd8 Qxd8 {[%emt 0:00:02] KQ-KQ} 52. Qd2 Qd5 {[%emt 0:00:44] ( -> ...Qh5+)} 53. f4 Qf3 {[%emt 0:01:30] Black mates.} 54. Kg1 Qxg3+ 55. Kf1 Qf3+ 56. Ke1 {[%emt 0:00:26] [#]} g5 $1 57. fxg5 fxg5 58. Qh2 {[%emt 0:00:26] [#]} Qe2+ $1 59. Qxe2 dxe2 60. Kxe2 {[%emt 0:00:03] K3P-KPP} Kc6 61. Ke3 Kc5 62. a3 b5 63. Ke4 b4 64. axb4+ Kxb4 65. Kd4 {[%emt 0:00:09] Weighted Error Value: White=0.54/Black=0.29 (precise)} 0-1

[Event "European Women-ch 2023"]
[Site "Petrovac"]
[Date "2023.03.27"]
[Round "9.14"]
[White "Skvortsova, Alena"]
[Black "Silva, Ana Ines Teixeira Da"]
[Result "1-0"]
[ECO "C45"]
[WhiteElo "2032"]
[BlackElo "1792"]
[Annotator "TA"]
[PlyCount "77"]
[EventDate "2023.03.15"]
[EventType "swiss"]
[EventCountry "MNE"]
[SourceTitle "playchess.com"]
[Source "ChessBase"]
[SourceQuality "1"]
[TimeControl "40/5400+30:1800+30"]

1. e4 e5 2. Nf3 Nc6 3. d4 exd4 4. Nxd4 Nf6 5. Nxc6 bxc6 6. e5 Qe7 7. Qe2 Nd5 8. c4 Ba6 9. b3 g6 10. f4 {[%emt 0:01:57] The old main line. C45: Scotch Game.} Bh6 (10... d6 $11 {keeps the balance.}) 11. Qf2 $16 Nb6 (11... Qb4+ $2 12. Bd2 Qe7 13. cxd5 $18) 12. Ba3 {[%emt 0:08:34] [#] White is better.} c5 $146 ({Predecessor:} 12... Qe6 13. Nd2 Qf5 14. g3 g5 15. Qd4 gxf4 16. Bd3 Qe6 17. Ne4 Bg7 18. gxf4 d6 {1-0 Vargas,M (2075)-Pena Duarte,F (2138) Bogota Distrital 76th 2014 (8)}) 13. Bd3 (13. Bxc5 d6 14. Ba3 O-O) (13. Nc3 $16) 13... O-O ({Black should try} 13... f6 $14) 14. O-O (14. Bxc5 d6 15. Be3 Nd5 $15) (14. Qxc5 Qxc5 15. Bxc5 Bxf4 16. Bxf8 Bxe5 $17) 14... d6 {[%emt 0:01:45] [#]} 15. Nc3 (15. Be4 $142 $1) 15... Bg7 ({Better is} 15... f5) 16. Rad1 ({White should play} 16. Be4) 16... Bb7 17. Be4 Bxe4 18. Nxe4 Nd7 19. Rfe1 {[%emt 0:03:00][%cal Re5d6] White is much more active. The black rooks are badly placed.} (19. exd6 $2 Qxe4 20. Bxc5 Nxc5 21. Qxc5 cxd6 22. Qxd6 Rae8 $19) 19... Rfe8 (19... dxe5 $16 {might work better.} 20. Nxc5 (20. Bxc5 Nxc5 21. Qxc5 Qxc5+ 22. Nxc5 exf4 $11) 20... Rfd8 21. Nxd7 {[%mdl 64] Discovered Attack} Qxa3) 20. exd6 $18 cxd6 21. Rxd6 Kh8 {[%emt 0:03:23] Black is weak on the light squares} (21... Bc3 {was called for.} 22. Re2 (22. Nxc3 Qxd6 23. Rd1 Qc6 $11) (22. Nf6+ Qxf6 23. Rxe8+ Rxe8 $11) 22... f5) 22. Bb2 (22. Bxc5 Nxc5 23. Qxc5 f5 $17) 22... f5 23. Bxg7+ Qxg7 24. Red1 (24. Nxc5 $2 Nxc5 25. Rdd1 (25. Rxe8+ $2 Rxe8 26. Qd4 Re1+ 27. Kf2 Qxd4+ 28. Rxd4 Ra1 $19) 25... Ne4 $19) 24... fxe4 25. Rxd7 e3 26. Qf3 Qf6 27. R7d3 (27. Qh3 $6 h5 $18) 27... e2 28. Re1 Qb2 (28... Rad8 {was worth a try.}) 29. Kf2 Qxa2 30. Rxe2 Qb1 (30... Qxe2+ 31. Qxe2 Rxe2+ 32. Kxe2 Rb8) 31. Rde3 $2 (31. Rd7 {White wants to mate with Qc3+.} Qa1 32. Ree7 Qd4+ 33. Rxd4 cxd4 34. Rxe8+ Rxe8 35. Qd5) 31... Rf8 32. Re7 $40 {[%emt 0:01:28][%cal Be3e7,Be7h7,Bh7d7][%mdl 160] [#] Threatening mate with Qc3+. White wants a kill.} Qc1 {[%emt 0:00:23] Prevents Qc3+} (32... Rad8 33. h4 (33. Rxa7 g5 $18) 33... Qd3 34. Rxa7 Qd4+ 35. Kg3 Rde8) 33. g3 (33. Rxh7+ $142 Kxh7 34. Re7+ Rf7 35. Rxf7+ Kg8 36. Qd5 Qb2+ 37. Kg3) 33... Rad8 34. Qb7 (34. Rxa7 Rfe8 $18) 34... Qa1 35. Rxh7+ ({Much less strong is} 35. Qxa7 Qxa7 36. Rxa7 Ra8 $18) 35... Kg8 36. Rd7 ({Don't do} 36. Qxa7 Qd4+ 37. Kg2 Ra8 $18) 36... Rb8 $2 (36... Rxd7 $18 37. Qxd7 Qh1) 37. Qd5+ {[%emt 0:00:20] White mates.} Kh8 38. Qe6 Rf5 39. Qxg6 {[%emt 0:00:17] Weighted Error Value: White=0.49/Black=0.52} 1-0

[Event "European Women-ch 2023"]
[Site "Petrovac"]
[Date "2023.03.27"]
[Round "9.15"]
[White "Heinemann, Josefine"]
[Black "Sandu, Mihaela"]
[Result "0-1"]
[ECO "C95"]
[WhiteElo "2343"]
[BlackElo "2211"]
[Annotator "TA"]
[PlyCount "72"]
[EventDate "2023.03.15"]
[EventType "swiss"]
[EventCountry "MNE"]
[SourceTitle "playchess.com"]
[Source "ChessBase"]
[SourceQuality "1"]
[TimeControl "40/5400+30:1800+30"]

1. e4 e5 2. Nf3 Nc6 3. Bb5 a6 4. Ba4 Nf6 5. O-O Be7 6. Re1 b5 7. Bb3 d6 8. c3 O-O 9. h3 Nb8 10. d4 Nbd7 11. Nbd2 Bb7 12. Bc2 Re8 13. Nf1 Bf8 14. Ng3 g6 15. Bd2 Bg7 16. Qc1 {[%emt 0:02:30] [#] C95: Closed Ruy Lopez: Breyer Variation with 10 d4.} Kh8 $146 ({Predecessor:} 16... d5 17. Bg5 dxe4 18. Bxe4 Bxe4 19. Nxe4 exd4 20. cxd4 Qc8 21. Nxf6+ Nxf6 22. Qc6 Qd7 23. Rxe8+ Qxe8 24. Qxc7 {½-½ Esipenko,A (2682)-Kamsky,G (2655) Biel 55th 2022 (5)}) 17. Bh6 Ng8 18. Bxg7+ {[%emt 0:00:18] White is slightly better.} Kxg7 19. Qd2 Qe7 20. a4 Ngf6 21. Qg5 {[%emt 0:08:59] Nf5+ is the strong threat.} Kh8 22. h4 c5 23. d5 c4 24. h5 Nc5 25. Kf1 Rg8 26. hxg6 fxg6 27. Ke2 ({Better is} 27. Ra2 $11) 27... bxa4 $15 28. Rh1 {[%emt 0:07:17][%cal Oh1h7] Hoping for Rxh7+!} Rg7 29. Rh4 Rb8 30. Qc1 $2 {[%emt 0:05:30] White does not recover from this.} (30. Nf1 $17 {was called for.}) 30... Bc8 $19 31. Bxa4 $2 (31. Rh1) 31... Nd3 {[%emt 0:00:58][%mdl 64] [#] Deflection, Double Attack} 32. Qg5 Rxb2+ ({Not} 32... Nxb2 33. Bc2 $17) 33. Nd2 Nf4+ 34. Kd1 {[%emt 0:07:16] [#]} N6xd5 $1 {[%emt 0:00:42][%mdl 576] Discovered Attack} 35. Qxe7 Nxc3+ (35... Nxe7 $2 {is the wrong capture.} 36. Ne2 $19) 36. Kc1 Nd3# {[%emt 0:00:08] Ingenious play by Sandu!   Weighted Error Value: White=0.82/Black=0.03 (flawless)} 0-1

[Event "European Women-ch 2023"]
[Site "Petrovac"]
[Date "2023.03.27"]
[Round "9.15"]
[White "Makka, Ioulia"]
[Black "Tsotsonava, Elene"]
[Result "1/2-1/2"]
[ECO "B47"]
[WhiteElo "1949"]
[BlackElo "2030"]
[Annotator "TA"]
[PlyCount "69"]
[EventDate "2023.03.15"]
[EventType "swiss"]
[EventCountry "MNE"]
[SourceTitle "playchess.com"]
[Source "ChessBase"]
[SourceQuality "1"]
[TimeControl "40/5400+30:1800+30"]

1. e4 c5 2. Nc3 e6 3. Nf3 Nc6 4. d4 cxd4 5. Nxd4 Qc7 6. g3 a6 7. Bg2 d6 8. O-O Bd7 9. Nxc6 Bxc6 10. a4 Nf6 11. a5 Be7 12. Be3 Nd7 13. Na4 O-O 14. Nb6 {[%emt 0:02:30] B47: Sicilian: Taimanov: 5 Nc3 Qc7 6 f4, 6 g3 and 6 Be2.} Rae8 15. Nxd7 Qxd7 16. c4 {[%emt 0:02:09] White has an edge.} f5 17. Qd3 {[%emt 0:04:13] [#]} Bf6 $146 ({Predecessor:} 17... Bxe4 18. Bxe4 fxe4 19. Qxe4 Rf5 20. Rfd1 Bf8 21. Rd3 Qf7 22. Bb6 Rc8 23. b3 d5 {½-½ Bailet,P (2500)-David,A (2520) Cattolica op 7th 2020 (5)}) 18. Rab1 fxe4 {[%emt 0:04:38] The position is equal.} 19. Bxe4 Bxe4 20. Qxe4 d5 21. Qg4 Qc7 22. cxd5 exd5 (22... Qxa5 23. d6 $16 (23. dxe6 Qd5 $11)) 23. Bb6 Qc4 24. Qd7 Re7 25. Qd6 Re2 26. Rbc1 Qe4 ({Don't play} 26... Be7 27. Qd7 Qb5 28. Qxb5 axb5 29. Rc7 $16) 27. Qd7 d4 ({Resist} 27... Rxb2 28. Rfe1 Re2 29. Rxe2 Qxe2 30. Qxd5+ Kh8 31. Qxb7 $16) 28. Rcd1 ({Much worse is} 28. Rc8 Rxc8 29. Qxc8+ Kf7 $17) 28... Rxb2 29. Rxd4 Bxd4 30. Bxd4 {[%emt 0:00:07][%csl Gd4][%cal Rd7g7] [#]} Rf7 31. Qd8+ Rf8 32. Qd7 {[%emt 0:00:28][%csl Gd4][%cal Rd7g7] Chess con chili.} Rf7 33. Qd8+ Rf8 34. Qd7 {[%emt 0:00:11][%csl Gd4][%cal Rd7g7] [#]} Rf7 35. Qd8+ {[%emt 0:00:46] Weighted Error Value: White=0.07 (flawless) /Black=0.05 (flawless)} 1/2-1/2

[Event "European Women-ch 2023"]
[Site "Petrovac"]
[Date "2023.03.27"]
[Round "9.16"]
[White "Zherebtsova, Alexandra"]
[Black "Stefanova, Antoaneta"]
[Result "1/2-1/2"]
[ECO "D85"]
[WhiteElo "2155"]
[BlackElo "2435"]
[Annotator "TA"]
[PlyCount "66"]
[EventDate "2023.03.15"]
[EventType "swiss"]
[EventCountry "MNE"]
[SourceTitle "playchess.com"]
[Source "ChessBase"]
[SourceQuality "1"]
[TimeControl "40/5400+30:1800+30"]

1. d4 Nf6 2. c4 g6 3. Nc3 d5 4. cxd5 Nxd5 5. e4 Nxc3 6. bxc3 Bg7 7. Qa4+ {[%emt 0:01:11] 7.Nf3 gains popularity.} Nd7 8. Nf3 O-O 9. Be2 {[%emt 0:06:12] D85: Exchange Grünfeld: Unusual White 7th moves and lines with 7 Nf3.} e5 10. Ba3 Re8 11. d5 f5 {[%emt 0:20:23] [#]} 12. d6 $146 ({Predecessor:} 12. exf5 gxf5 13. O-O Nb6 14. Qb5 a6 15. Qb3 Qxd5 16. c4 Qc6 17. c5+ Nd5 18. Bc4 Be6 19. Ng5 Rad8 20. Rad1 Nf4 21. Rxd8 Bxc4 {1-0 Gago Padreny,I (2289)-Wartiovaara,O (2190) Titled Tuesday intern op 14th April blitz 2020 (6)}) 12... cxd6 ({Don't play} 12... Nb6 13. Bc4+ Kh8 14. dxc7 Nxa4 15. cxd8=N Rxd8 16. Ng5 $14) 13. Qb3+ ({But not} 13. Bxd6 Nb6 14. Qa3 fxe4 $17) 13... Kh8 14. h4 $1 {[%emt 0:02:03] [#] Ng5 would be deadly.} Nf8 (14... fxe4 $2 15. Ng5 Rf8 16. Bxd6 $18 (16. Nxe4 Nc5 $11)) 15. Ng5 $36 {[%emt 0:03:25][%mdl 2048] White threatens Nf7+ and mate. Black is under pressure.} Be6 16. Bc4 Qf6 17. Rd1 $1 Rad8 18. Rxd6 Rxd6 19. Bxd6 Bxc4 20. Qxc4 {[%emt 0:00:03] And now Nf7+ would win.} Ne6 {[%emt 0:06:26] [#]} (20... h6 $1 $14 {deserves consideration.}) 21. Bxe5 {[%emt 0:01:48] White has more active pieces.} Qe7 $11 {[%emt 0:00:05][%cal Oe6g5] White must now prevent ...Nxg5! The position is equal.} 22. Bxg7+ Kxg7 23. O-O Nxg5 24. hxg5 Qxe4 {[%emt 0:01:25][%mdl 4096] Endgame KQR-KQR} 25. Qb5 a6 26. Qb6 Qc6 27. Qd4+ (27. Qxc6 {simplifies} bxc6 28. Rb1 Re2 29. a3) 27... Kg8 28. Rb1 b5 29. Rd1 Qc7 30. Qd5+ Kg7 31. Qd4+ Kg8 32. Qd5+ Kg7 33. Qd4+ Kg8 {[%emt 0:00:47] Weighted Error Value: White=0.07 (flawless) /Black=0.07 (flawless)} 1/2-1/2

[Event "European Women-ch 2023"]
[Site "Petrovac"]
[Date "2023.03.27"]
[Round "9.16"]
[White "Huseynova, Lala"]
[Black "Pavlidou, Ekaterini"]
[Result "0-1"]
[ECO "B45"]
[WhiteElo "1694"]
[BlackElo "2178"]
[Annotator "TA"]
[PlyCount "157"]
[EventDate "2023.03.15"]
[EventType "swiss"]
[EventCountry "MNE"]
[SourceTitle "playchess.com"]
[Source "ChessBase"]
[SourceQuality "1"]
[TimeControl "40/5400+30:1800+30"]

1. e4 c5 2. Nf3 Nc6 3. d4 cxd4 4. Nxd4 Nf6 5. Nc3 e6 6. Ndb5 Bb4 7. a3 Bxc3+ 8. Nxc3 d5 9. exd5 exd5 10. Bd3 O-O 11. O-O d4 {[%emt 0:08:07] 11...Bg4 is more fashionable.} 12. Ne4 {[%emt 0:04:41] aiming for Bg5.} h6 {[%emt 0:06:15] Dodges Bg5. B45: Sicilian Four Knights.} 13. Bf4 (13. Qf3 $5 ) 13... Nd5 (13... Nxe4 $1 $11 14. Bxe4 Qf6) 14. Bd2 (14. Qf3 $14) 14... f5 {[%emt 0:01:54] [#] The position is equal.} 15. Nc5 $146 ({Predecessor:} 15. Ng3 f4 16. Ne4 f3 17. g3 Ne5 18. Re1 Nxd3 19. cxd3 Qd7 20. Kh1 Qh3 21. Rg1 {0-1 Privorotsky,O-Bukhover,A URS U20-ch Moscow 1960}) 15... b6 16. Nb3 Bb7 17. Bb5 Qf6 18. Bc4 (18. Re1 $14) 18... Rad8 (18... Rfd8 $5 ) 19. Bb4 (19. Qe2 $11 {remains equal.}) 19... Rf7 20. Re1 (20. Bxd5 $142 Rxd5 21. Re1) 20... a5 21. Bd2 a4 (21... Ne5 $17 22. Bf1 Ng4) 22. Nc1 Ne5 {[%emt 0:14:57] Wards off Nd3} 23. Ba2 (23. Bxd5 $1 $11 {and White stays safe.} Bxd5 24. Nd3 Nxd3 25. cxd3) 23... f4 $2 (23... Qg6 $1 $19 {[%cal Od5f4] White must now prevent ...Nf4!} 24. Ne2 (24. Rxe5 $2 Ne3 $19 {[%mdl 64] Double Attack}) 24... Nf3+ 25. Kh1 Qh5) 24. f3 (24. Qh5 $1 $14 {stays ahead.} g5 25. Nd3 Nxd3 26. cxd3) 24... b5 {[%emt 0:03:49] Black has more active pieces.} (24... Ne3 $17 25. Bxf7+ Nxf7 26. Bxe3 dxe3) 25. Ba5 (25. Bxd5 $1 $11 {keeps the balance.} Bxd5 26. Nd3 Nxd3 27. cxd3) 25... Rdd7 ({Better is} 25... Rc8 $17 {Threatens to win with ...Ne3.} 26. Nd3 Nc4 27. Bxc4 bxc4) 26. Nd3 $1 $11 (26. Qxd4 $2 Nxf3+ 27. Kh1 Nxd4 $19) 26... Nc6 (26... Nc4 $11 {and Black has nothing to worry.} 27. Re8+ Rf8) 27. Bd2 (27. Nc5 $18 Nxa5 28. Re8+ (28. Nxd7 Rxd7 29. Qe2 Bc6 $11) 28... Kh7 29. Nxd7 Rxd7 30. Qd3+ g6 31. Qxb5) 27... Qg5 (27... Ne3 $14 28. Qe2 (28. Bxf7+ Qxf7 29. Qb1 Re7 $14) 28... Rde7) 28. Nc5 $18 (28. Re8+ $6 Kh7 29. Bxd5 (29. Qe2 Rde7 $14) 29... Qxd5 $16) 28... Nc3 $2 (28... Kh7 29. Nxd7 Rxd7 30. Bxd5 Rxd5) 29. Bxc3 (29. bxc3 Qxc5 30. Bxf4 (30. Bxf7+ Rxf7 31. Re8+ Kh7 $18) 30... dxc3+ 31. Be3 Qf5 32. Bxf7+ Rxf7 $18) (29. Bxf7+ Kxf7 30. Ne6 (30. bxc3 Qxc5 31. Bxf4 dxc3+ 32. Be3 Rxd1 $18) (30. Nxd7 $2 Nxd1 31. Raxd1 Qd5 $19) (30. Bxc3 Qxc5 31. Kh1 Rd8 $18) 30... Nxd1 $18) (29. Nxd7 $142 {White threatens Re8+ and mate.} Nxa2 30. Re8+ Kh7 31. Nf8+ Rxf8 32. Rxf8) 29... Qxc5 30. Bb4 (30. Bxf7+ Kxf7 31. Bb4 Qf5) (30. Re8+ Kh7 31. Bb4 Qf5) 30... Nxb4 31. axb4 Qxb4 32. Re8+ (32. Bxf7+ Rxf7 33. Re8+ Rf8 $18) 32... Kh7 33. Qd3+ g6 34. Bxf7 Rxf7 35. Re6 Rg7 36. Rae1 Bd5 (36... Bc8 $142) 37. R6e5 Bc6 38. Re6 $2 (38. h4 $18) 38... Bd5 $1 $16 39. R6e5 $2 (39. Re8 $1 $16 ) 39... Bc6 $1 $18 40. Rb1 Qd6 41. Rbe1 (41. Ree1 $18) 41... b4 $2 (41... Qb4 $1 $11 {and Black is okay.}) 42. Qc4 a3 43. bxa3 bxa3 44. Re6 Bd5 45. Rxd6 Bxc4 46. Rxd4 {[%emt 0:00:38][%mdl 4096] Endgame KRR-KRB} Rc7 47. Rde4 $1 (47. Rxf4 a2 48. Rd4 Bf7 $16) 47... g5 {[%emt 0:06:11] [#]} (47... Kg8 {was necessary.} 48. Rxf4 a2) 48. Re7+ $1 Rxe7 49. Rxe7+ {[%emt 0:00:02] KR-KB} Kg6 50. Re5 $2 (50. Kf2 a2 51. Ra7) 50... a2 51. Ra5 h5 52. Kf2 {[%emt 0:00:25] g3 is the strong threat.} Kf6 $2 {[%emt 0:01:32][%mdl 8192] [#]} (52... h4 $16 {is tougher.} 53. Ke1 Kh5) 53. g3 $1 Kg6 (53... fxg3+ $142 54. Kxg3 (54. hxg3 Bd5 $11 {[%mdl 64] Promotion}) 54... Ke7) 54. gxf4 gxf4 55. h4 Kf6 56. Ke1 (56. Rxh5 a1=Q 57. Kg2 Qf1+ 58. Kh2 Qf2+ 59. Kh1 Qxf3+ 60. Kg1 Qxh5 61. Kg2 Qxh4 62. Kg1 Qg3+ 63. Kh1 Bd5#) 56... Bd5 57. Ke2 (57. Rxd5 $2 {perishes.} a1=Q+ 58. Ke2 Qg1 $19) 57... Bc4+ 58. Kd2 Bd5 59. Kd3 (59. Rxd5 $2 {loses.} a1=Q 60. Rd3 Qh1 $19) 59... Bxf3 60. c4 Bc6 61. Kd4 Ke6 62. Kd3 Kf6 $1 63. Ke2 {[%emt 0:00:56] Against Bf3+} Be4 64. Kf2 $2 (64. Rxa2 $18 {is more deadly.} Kf5 65. Kf2) 64... Bd3 $16 65. c5 (65. Rxa2 $16 Bxc4 66. Ra5) 65... Bc4 $11 66. Kf3 (66. c6 $5 Ke6 $8 67. Kf3 $16) 66... Ke5 67. c6+ Bd5+ 68. Kf2 {[%emt 0:01:02] Strongly threatening c7.} (68. Ke2 Kd6 69. Rxd5+ Kxd5) 68... Kd6 69. Ra6 Kc7 (69... Bxc6 $2 70. Rxa2 Bh1 71. Ra1 $18) (69... Bc4 $5 70. Ra4 $8 Bg8 $15) 70. Ke1 Bc4 {[%emt 0:00:43] Chess con chili.} (70... Bxc6 $2 71. Rxa2 Bh1 72. Ra5 $18) (70... f3 $5) 71. Ra8 $2 (71. Ra4 $11) 71... Kxc6 $19 {[%emt 0:00:10] Black is clearly winning.} 72. Kd2 f3 73. Ke3 Bd5 74. Rc8+ Kb5 75. Rc1 Kb4 76. Rf1 Kc3 77. Rh1 {[%emt 0:00:28] [#]} f2 $1 78. Rc1+ (78. Rd1 Bb3) 78... Kb2 79. Kd2 {[%emt 0:00:02] Weighted Error Value: White=0.79/Black=0.85} 0-1

[Event "European Women-ch 2023"]
[Site "Petrovac"]
[Date "2023.03.27"]
[Round "9.17"]
[White "Velikic, Adela"]
[Black "Shpanko, Nadiia"]
[Result "1/2-1/2"]
[ECO "B12"]
[WhiteElo "2329"]
[BlackElo "2164"]
[Annotator "TA"]
[PlyCount "85"]
[EventDate "2023.03.15"]
[EventType "swiss"]
[EventCountry "MNE"]
[SourceTitle "playchess.com"]
[Source "ChessBase"]
[SourceQuality "1"]
[TimeControl "40/5400+30:1800+30"]

1. e4 c6 2. d4 d5 3. e5 c5 4. Nf3 cxd4 5. Nxd4 Nc6 6. Nxc6 {[%emt 0:00:24] B12: Caro-Kann: Advance Variation.} bxc6 {[%emt 0:00:06] Black is weak on the dark squares} 7. Bd3 e6 8. O-O {[%emt 0:00:45] White has an edge.} Ne7 9. Nd2 a5 10. Qe2 Ng6 11. Nf3 Be7 12. g3 O-O 13. h4 f6 14. exf6 Bxf6 {[%emt 0:03:45] [#]} 15. Ng5 $146 (15. Re1 $14) ({Predecessor:} 15. h5 Nh8 16. Ne5 Bxe5 17. Qxe5 Nf7 18. Qc3 e5 19. h6 Re8 20. Qxc6 Bg4 21. f3 {1-0 Karjakin,S (2743)-Asadli,V (2579) Gashimov Memorial Rapid 7th 2021 (6.1)}) 15... Bxg5 (15... e5 $5 16. Nxh7 e4 $11) 16. Bxg5 Qb6 (16... Qd6 $14) 17. h5 $16 Nh8 18. h6 Qxb2 (18... Qc7 $16) 19. Rab1 $18 Qd4 20. Rfd1 Qa7 21. Be3 {[%emt 0:00:44][%cal Bg5e3,Be3d4,Bd4e5][%mdl 32] Prevents e5} Qe7 22. Bd4 e5 23. Qxe5 ({White should try} 23. hxg7 Qxg7 24. Qxe5 Qxe5 25. Bxe5) 23... Qxe5 $16 24. Bxe5 {[%emt 0:00:01] This pair of bishops is nice.} gxh6 25. Rb6 Nf7 26. Bf4 {[%emt 0:01:32] White has more active pieces.} Bg4 27. Rdb1 (27. Re1 $5 ) 27... Ng5 28. Bxg5 (28. Kg2 $5 ) 28... hxg5 29. Rxc6 Rab8 30. Rxb8 Rxb8 $11 {[%emt 0:00:06][%mdl 4096] Endgame KRB-KRB} 31. Kg2 {[%emt 0:00:33] Wards off Bf3+} Rb2 (31... Bd1 $11) 32. Rd6 Rxa2 (32... Bd1 $16) 33. Rxd5 $18 Be6 34. Re5 (34. Bc4 $6 Rxc2 35. Rxg5+ Kf7 $16) 34... Bf7 35. Rxg5+ Kh8 36. Rb5 Ra1 37. Rb8+ ({White should play} 37. Be4 $16) 37... Kg7 $14 38. Rb7 {[%emt 0:00:32] Bc4 would be deadly.} Kf8 {[%emt 0:00:14] [#] And now ...Bd5+ would win.} 39. f3 (39. Bxh7 $2 Bd5+ 40. f3 Bxb7 $19) (39. Rc7 $1 $16) 39... a4 $11 {[%emt 0:01:06] The position is equal.} 40. Rb8+ (40. Bxh7 $2 a3 41. Ra7 a2 $19) 40... Kg7 41. Rb7 {[%emt 0:09:12] Hoping for Bc4.} Kf8 42. Rb8+ (42. Bxh7 $2 {perishes.} a3 43. g4 (43. Ra7 $2 a2 $19) 43... a2 $19) 42... Kg7 43. Rb7 {[%emt 0:00:05] Blacks defense is rewarded with a draw.   Weighted Error Value: White=0.12 (very precise) /Black=0.16 (very precise)} 1/2-1/2